 Dungeon Crawl Stone Soup version 0.22-a0-284-g99d1f74 (webtiles) character file.

66570 kuniqs the Champion of Chaos (level 14, -5/133 HPs)
             Began as a Deep Dwarf Fighter on Mar 20, 2018.
             Was the Champion of Makhleb.
             Slain by Saint Roka
             ... wielding a +2 halberd of flaming
              (20 damage)
             ... on level 2 of the Orcish Mines.
             The game lasted 00:36:08 (15719 turns).

kuniqs the Champion of Chaos (Deep Dwarf Fighter)  Turns: 15719, Time: 00:36:09

Health: -5/133     AC: 24    Str: 23    XL:     14   Next: 79%
Magic:  8/8        EV: 12    Int: 11    God:    Makhleb [******]
Gold:   1564       SH: 15    Dex: 12    Spells: 13/13 levels left

rFire    + + .     SeeInvis .   I - +2 war axe (vamp)
rCold    + . .     Gourm    .   c - +0 shield
rNeg     + . .     Faith    .   Q - +2 plate armour {rF+}
rPois    .         Spirit   .   y - +2 helmet
rElec    .         Reflect  +   w - +0 cloak
rCorr    .         Harm     .   L - +0 pair of gloves
MR       ++...                  (no boots)
Stlth    ..........             p - +2 amulet of reflection
HPRegen  0.00/turn              O - ring of protection from cold
MPRegen  0.11/turn              s - ring of protection from fire

@: non-regenerating
A: damage resistance, heal wounds, negative energy resistance 1, sense
surroundings 2, no regeneration
a: Heal Wounds, Minor Destruction, Lesser Servant of Makhleb, Major Destruction,
Greater Servant of Makhleb, Renounce Religion


You were on level 2 of the Orcish Mines.
You worshipped Makhleb.
Makhleb was exalted by your worship.
You were not hungry.

You visited 4 branches of the dungeon, and saw 20 of its levels.
You also visited: Volcano.

You collected 1606 gold pieces.
You spent 42 gold pieces at shops.

Inventory:

Hand Weapons
 z - a +2 dagger of draining
 I - a +2 vampiric war axe (weapon)
 P - a +1 antimagic broad axe
Armour
 c - a +0 shield (worn)
 w - a +0 cloak (worn)
 y - a +2 helmet (worn)
 L - a +0 pair of gloves (worn)
 Q - a +2 plate armour of fire resistance (worn)
Jewellery
 d - an uncursed ring of poison resistance
 p - a +2 amulet of reflection (around neck)
 s - a ring of protection from fire (right hand)
 A - an uncursed ring of resist corrosion
 O - a ring of protection from cold (left hand)
Wands
 b - a wand of scattershot (5)
 n - a wand of flame (28)
 q - a wand of paralysis (25)
 u - a wand of iceblast (9)
 G - a wand of acid (3)
Scrolls
 g - 4 scrolls of enchant armour
 h - a scroll of fear
 l - 2 scrolls of blinking
 m - 10 scrolls of remove curse {@r2}
 o - 2 scrolls of teleportation
 r - 2 scrolls of enchant weapon
 C - 3 scrolls of fog
 E - 3 scrolls of magic mapping
Potions
 e - 6 potions of agility
 i - 5 potions of curing {@q1}
 j - a potion of invisibility
 k - 3 potions of haste
 t - 2 potions of heal wounds
 v - 2 potions of lignification
 x - 2 potions of flight
 D - 5 potions of might
 F - a potion of ambrosia
 H - a potion of cancellation
 J - 2 potions of mutation
Miscellaneous
 B - a lightning rod (4/4)
Comestibles
 a - 39 chunks of flesh
 f - 42 rations


   Skills:
 - Level 10.4 Fighting
 - Level 12.0 Axes
 - Level 12.3 Armour
 - Level 11.9 Dodging
 - Level 12.2 Shields
 + Level 13.6 Invocations


You had 13 spell levels left.
You didn't know any spells.

Dungeon Overview and Level Annotations

Branches:
Dungeon (11/15)            Temple (1/1) D:5            Lair (6/6) D:8
  Swamp (0/4) Lair:4       Spider (0/4) Lair:3        Slime (0/5) Lair:5
    Orc (2/2) D:9             Elf (0/3) Orc:2

Altars:
Elyvilon
Gozag
Hepliaklqana
Kikubaaqudgha
Makhleb
Nemelex Xobeh
Okawaru
Ru
Uskayaw
Vehumet
Wu Jian
Xom
The Shining One
Beogh

Shops:
D:4 *   D:9 =

Annotations:
Lair:4 exclusion: 2 oklob plants
Orc:2 Saint Roka


Innate Abilities, Weirdness & Mutations

You are resistant to damage.
You can heal yourself by infusing magical energy.
You resist negative energy. (rN+)
You passively map the area around you.
You do not regenerate.


Message History

The orc wizard hits you but does no damage.
The orc barely misses you.
Saint Roka roars a battlecry!
The orcs go into a battle-frenzy!
You block the orc warrior's attack.
Your ynoxinul misses the orc wizard.
You feel much better.
Saint Roka no longer looks unusually strong.
You block the orc wizard's attack. The orc barely misses you.
Saint Roka hits you from afar with a halberd of flaming!
* * * LOW HITPOINT WARNING * * *
Saint Roka burns you. The orc wizard closely misses you.
The orc warrior hits you with a flail!!
* * * LOW HITPOINT WARNING * * *
Your ynoxinul gestures at the orc wizard.
The iron shot hits the orc wizard.
The orc wizard dies!
Makhleb accepts your kill.
You fail to use your ability.
The orc closely misses you.
Saint Roka hits you from afar with a halberd of flaming!!
You die...

.##....#.))))...)....## ,, ,
.##......#..)...........
>................#...... , ,,
, , .............))###......,
, *, .............)..#.......
, , ..................O.....,,
, * ...........$.....o...... ,
.............).3)oO..... , , ,
................@o....... ,
...............).........# * ,
*
...........................,*,
................<...........
................<...........,
............................
..........................#.,
,,
#..#......................$. ,
, ####........................
*


You could see Saint Roka, an orc warrior, 2 ogres, an orc and a friendly
ynoxinul.

Vanquished Creatures
  The ghost of Mygna the Destroyer, a journeyman DrCj of Sif Muna (Lair:4)
  A fire dragon (Volcano)
  3 hydras
  4 ogre magi
  19 two-headed ogres
  2 death yaks (Lair:6)
  A sea snake (D:8)
  Pikel (D:4)
  A lindwurm (Orc:1)
  2 orc knights
  An ugly thing (D:11)
  2 orc sorcerers
  A cyclops (Orc:1)
  3 salamanders (Volcano)
  10 elephants
  Joseph (D:7)
  A black mamba (Lair:4)
  3 centaur skeletons
  6 komodo dragons
  Maurice (Orc:2)
  15 spiny frogs
  3 hornets
  A meliai zombie (D:11)
  12 hippogriffs
  4 dream sheep (Lair:5)
  30 blink frogs
  Sigmund (D:4)
  A redback (Lair:3)
  25 yaks
  2 basilisks
  7 fire bats (Volcano)
  8 wyverns
  3 steam dragons (Volcano)
  7 wargs
  6 porcupines
  3 ice beasts
  3 slaves (D:4)
  15 water moccasins
  2 sky beasts
  12 orc warriors
  4 black bears
  28 ogres
  4 wolves (Lair:3)
  7 centaurs
  9 crocodiles
  2 big kobolds
  15 bullfrogs
  A gnoll sergeant (Orc:1)
  A wyvern skeleton (D:7)
  5 scorpions
  11 killer bees
  5 wights (D:11)
  2 electric eels (D:10)
  2 crimson imps
  A quasit (D:11)
  5 hounds
  Crazy Yiuf (D:4)
  3 orc priests
  4 jellies
  9 orc wizards
  4 iguanas
  9 worker ants
  A hound skeleton (D:6)
  Robin (D:4)
  8 gnolls
  16 adders
  A shadow imp (D:9)
  An ooze (D:3)
  3 adder zombies
  2 adder skeletons
  3 dart slugs
  2 worms (D:5)
  7 leopard geckos
  46 orcs
  8 giant cockroaches
  13 goblins
  13 hobgoblins
  10 jackals
  4 quokkas
  2 ball pythons
  2 bats
  2 frilled lizards
  A jackal skeleton (D:10)
  14 kobolds
  2 quokka skeletons
  7 rats
  A fungus (Lair:5)
  10 plants
536 creatures vanquished.

Vanquished Creatures (collateral kills)
  The ghost of Serpenta the Transmogrifier, a journeyman OpCK of Xom (Lair:5)
  Snorg (Lair:5)
  A hydra (Lair:6)
  2 death yaks (Lair:6)
  A komodo dragon (Lair:5)
  A tyrant leech (Lair:4)
  2 blink frogs (Lair:5)
  A hippogriff (Lair:6)
  2 dream sheep (Lair:5)
  A wyvern (Volcano)
  An orc wizard (Orc:2)
  A plant (Volcano)
15 creatures vanquished.

Vanquished Creatures (others)
  Nessos (Orc:2)
  5 dream sheep (D:5)
  An orc wizard (D:6)
  A bat (D:2)
  A bush (Lair:4)
  3 fungi
  3 plants (Lair:4)
15 creatures vanquished.

Grand Total: 566 creatures vanquished

Notes
Turn   | Place    | Note
-------+----------+-------------------------------------------
     0 | D:1      | kuniqs the Deep Dwarf Fighter began the quest for the Orb.
     0 | D:1      | Reached XP level 1. HP: 20/20 MP: 1/1
   206 | D:1      | Reached XP level 2. HP: 27/27 MP: 2/2
   484 | D:2      | Reached skill level 1 in Dodging
   517 | D:2      | Reached XP level 3. HP: 33/33 MP: 3/3
   567 | D:2      | Found a sacrificial altar of Ru.
   737 | D:2      | Found a faded altar of an unknown god.
   847 | D:2      | Found a white marble altar of Elyvilon.
   902 | D:2      | Reached XP level 4. HP: 29/42 MP: 4/4
  2226 | D:4      | Reached XP level 5. HP: 41/49 MP: 4/4
  2230 | D:4      | Found an opulent altar of Gozag.
  2234 | D:4      | Found Gozag's Platinum Reserve.
  2335 | D:4      | Found a runed door.
  2358 | D:4      | Noticed Sigmund
  2359 | D:4      | Noticed a slave
  2359 | D:4      | Noticed a slave
  2359 | D:4      | Noticed a slave
  2360 | D:4      | Noticed a slave
  2362 | D:4      | Noticed Pikel
  2371 | D:4      | Killed a slave
  2373 | D:4      | Killed a slave
  2375 | D:4      | Killed a slave
  2379 | D:4      | Killed Pikel
  2379 | D:4      | Reached skill level 5 in Armour
  2379 | D:4      | Reached skill level 5 in Shields
  2379 | D:4      | Reached XP level 6. HP: 34/57 MP: 5/5
  2379 | D:4      | Reached XP level 7. HP: 38/64 MP: 6/6
  2380 | D:4      | Killed Sigmund
  2496 | D:4      | Found a hazy altar of Hepliaklqana.
  2528 | D:4      | Noticed Robin
  2542 | D:4      | Killed Robin
  2713 | D:5      | Entered Level 5 of the Dungeon
  2735 | D:4      | Noticed Crazy Yiuf
  2742 | D:4      | Killed Crazy Yiuf
  2893 | D:5      | Reached skill level 5 in Axes
  2893 | D:5      | Reached XP level 8. HP: 61/73 MP: 7/7
  3022 | D:5      | Found a staircase to the Ecumenical Temple.
  3036 | Temple   | Entered the Ecumenical Temple
  3044 | Temple   | Became a worshipper of Makhleb the Destroyer
  3318 | D:5      | Reached skill level 1 in Invocations
  3329 | D:5      | Noticed a dream sheep
  3329 | D:5      | Noticed a dream sheep
  3329 | D:5      | Noticed a dream sheep
  3329 | D:5      | Noticed a dream sheep
  3329 | D:5      | Noticed a dream sheep
  3329 | D:5      | Found a shimmering altar of Xom.
  3335 | D:5      | Killed a dream sheep
  3335 | D:5      | Killed a dream sheep
  3335 | D:5      | Killed a dream sheep
  3336 | D:5      | Killed a dream sheep
  3336 | D:5      | Killed a dream sheep
  4246 | D:6      | Found an ornate altar of the Wu Jian Council.
  4253 | D:6      | Reached skill level 5 in Fighting
  4253 | D:6      | Reached skill level 2 in Invocations
  4355 | D:6      | Reached skill level 5 in Dodging
  4404 | D:6      | Found a radiant altar of Vehumet.
  4477 | D:6      | Found a sparkling altar of Nemelex Xobeh.
  4640 | D:7      | Reached * piety under Makhleb
  4852 | D:7      | Found an iron altar of Okawaru.
  4876 | D:7      | Noticed Joseph
  4903 | D:7      | Killed Joseph
  4903 | D:7      | Reached skill level 3 in Invocations
  4903 | D:7      | Gained mutation: You passively map the area around you. [Deep Dwarf growth]
  4903 | D:7      | Reached XP level 9. HP: 51/81 MP: 10/10
  5279 | D:7      | Reached skill level 4 in Invocations
  5738 | D:8      | Noticed a dagger
  5739 | D:8      | Noticed a dagger
  5742 | D:8      | Noticed a two-headed ogre
  5743 | D:8      | Noticed a sea snake
  5743 | D:8      | a two-headed ogre changed into a sea snake
  5762 | D:8      | Reached ** piety under Makhleb
  5788 | D:8      | Killed a sea snake
  5788 | D:8      | Reached skill level 5 in Invocations
  5792 | D:8      | Found a hide-covered altar of Uskayaw.
  5955 | D:8      | Found a staircase to the Lair.
  5979 | D:8      | Reached XP level 10. HP: 88/91 MP: 12/12
  6131 | D:8      | Found a glowing golden altar of the Shining One.
  6331 | D:9      | Found a staircase to the Orcish Mines.
  6332 | D:9      | Noticed a two-headed ogre
  6342 | D:9      | Killed a two-headed ogre
  6342 | D:9      | Reached skill level 6 in Invocations
  6631 | D:9      | Found Faor's Jewellery Shoppe.
  6644 | D:9      | Bought a +1 ring of evasion for 42 gold pieces
  6778 | D:10     | Entered Level 10 of the Dungeon
  7020 | D:10     | Reached *** piety under Makhleb
  7201 | D:10     | Noticed a two-headed ogre
  7234 | D:10     | Killed a two-headed ogre
  7566 | D:10     | Reached XP level 11. HP: 55/100 MP: 12/12
  8123 | D:11     | Noticed a green ugly thing
  8139 | D:11     | Reached **** piety under Makhleb
  8144 | D:11     | Killed a green ugly thing
  8538 | Lair:1   | Entered Level 1 of the Lair of Beasts
  9812 | Lair:2   | Reached skill level 10 in Armour
  9878 | Lair:3   | Reached skill level 10 in Shields
  9878 | Lair:3   | Reached XP level 12. HP: 109/112 MP: 10/10
 10146 | Lair:3   | Found a hole to the Spider Nest.
 10428 | Lair:3   | Reached skill level 10 in Axes
 10438 | Lair:3   | Reached ***** piety under Makhleb
 10767 | Lair:4   | Noticed Mygna's ghost (journeyman DrCj)
 10780 | Lair:4   | Noticed a four-headed hydra
 10796 | Lair:4   | Found a staircase to the Swamp.
 10801 | Lair:4   | Noticed a five-headed hydra
 10868 | Lair:4   | Killed Mygna's ghost
 10901 | Lair:4   | Reached skill level 10 in Dodging
 11057 | Lair:4   | Killed a four-headed hydra
 11057 | Lair:4   | Reached skill level 7 in Invocations
 11111 | Lair:4   | Found an ornate altar of the Wu Jian Council.
 11154 | Lair:4   | Killed a five-headed hydra
 11376 | Lair:4   | Reached XP level 13. HP: 120/121 MP: 7/7
 11743 | Lair:5   | Noticed Snorg
 11748 | Lair:5   | Noticed Serpenta's ghost (journeyman OpCK)
 11757 | Lair:5   | Killed Snorg
 11778 | Lair:5   | Killed Serpenta's ghost
 11912 | Lair:5   | Found a staircase to the Slime Pits.
 11948 | Lair:5   | Reached skill level 8 in Invocations
 12622 | Lair:6   | Entered Level 6 of the Lair of Beasts
 13156 | Lair:6   | Reached skill level 9 in Invocations
 13815 | Lair:6   | Reached skill level 10 in Fighting
 14119 | Orc:1    | Entered Level 1 of the Orcish Mines
 14429 | Orc:2    | Entered Level 2 of the Orcish Mines
 14443 | Orc:2    | Noticed Nessos
 14457 | Orc:2    | Killed Nessos
 14512 | Orc:2    | Found a staircase to the Elven Halls.
 14515 | Orc:2    | Found a roughly hewn altar of Beogh.
 14635 | Orc:1    | Paralysed by an orc sorcerer for 6 turns
 14691 | Orc:1    | Found a dark tunnel.
 14722 | Volcano  | Entered a volcano
 14745 | Volcano  | Gained mutation: You resist negative energy. (rN+) [Deep Dwarf growth]
 14745 | Volcano  | Reached XP level 14. HP: 132/132 MP: 7/7
 15031 | Volcano  | Reached skill level 10 in Invocations
 15471 | Orc:2    | Noticed Maurice
 15475 | Orc:2    | Reached skill level 11 in Invocations
 15514 | Orc:2    | Killed Maurice
 15514 | Orc:2    | Reached ****** piety under Makhleb
 15556 | Orc:2    | Reached skill level 12 in Invocations
 15670 | Orc:2    | Reached skill level 13 in Invocations
 15699 | Orc:2    | Noticed Saint Roka
 15716 | Orc:2    | HP: 5/133 [Saint Roka/halberd of flaming (5)]
 15719 | Orc:2    | Slain by Saint Roka

Vault maps used:
D:1:      dpeg_arrival_ternary
D:2:      old_standard_altar, elyvilon_altar_4, chequers_ecumenical_altar_twisty
D:4:      nicolae_gozag_zags_fifth_avenue, marbit_many_paths, uniq_pikel,
          uniq_robin, uniq_sigmund, uniq_crazy_yiuf_cottage
D:5:      nicolae_overflow_hidden_temple, temple_pool_b, first_ration,
          kb_xom_exploding_sheep
D:6:      kennysheep_little_box, nemelex_altar_shiori, lemuel_statue_altar
D:7:      okawaru_metal_pillars_3, uniq_joseph
D:8:      dancing_weapons_uskayaw, lemuel_round_altar, lair_entry_dummy,
          eino_curves_02
D:9:      david_orc_3, serial_shops, shop
Temple:   dpeg_chambers_temple
Lair:1:   cheibrodos_lair_reptile_den
Lair:3:   spider_nest_entry_webs, grunt_forest_small_clearings,
          lemuel_fruit_fields
Lair:4:   minmay_swamp_entry_worms, lemuel_oklob_altar,
          minmay_lair_oklob_chamber
Lair:5:   slime_dummy, grunt_megastairs_4, uniq_snorg
Lair:6:   due_jungle_book, st_stairs_4, lemuel_fruit_tree
Orc:1:    nicolae_volcano_entry_vermiform, nicolae_orc_stony_grotto
Orc:2:    st_orc_ogre_mass, mines2_david, uniq_maurice, uniq_saint_roka,
          uniq_nessos
Volcano:  pf_volcano_lost_world

Skill      XL: |  1  2  3  4  5  6  7  8  9 10 11 12 13 14 |
---------------+-------------------------------------------+-----
Dodging        | 1 2 3 4 5 6 7 9 10 11 | 11.9
Fighting       | 3 4 5 6 7 8 9 10 | 10.4
Axes           | 3 4 5 6 7 8 9 10 11 12 | 12.0
Armour         | 4 5 6 7 8 10 11 12 | 12.3
Shields        | 4 5 6 7 8 10 11 12 | 12.2
Invocations    | 3 5 6 7 9 13 | 13.6

Action                   |  1- 3 |  4- 6 |  7- 9 | 10-12 | 13-15 || total
-------------------------+-------+-------+-------+-------+-------++-------
Melee: War axe           |   128 |    84 |   414 |   332 |    55 ||  1013
       Dagger            |       |       |   143 |   126 |    56 ||   325
       Unarmed           |       |       |     6 |       |       ||     6
       Hand axe          |       |       |       |   709 |   778 ||  1487
       Broad axe         |       |       |       |       |   158 ||   158
Invok: Lesser Servant of |       |       |       |     3 |    10 ||    13
 Abil: Heal Wounds       |     2 |     2 |    11 |    24 |    23 ||    62
Evoke: Wand              |       |       |     8 |    11 |     5 ||    24
  Use: Scroll            |     3 |     1 |     3 |    12 |     6 ||    25
       Potion            |       |     1 |       |     3 |     1 ||     5
 Stab: Paralysed         |       |       |    12 |     3 |     7 ||    22
       Confused          |       |       |       |     1 |       ||     1
       Distracted        |       |       |       |       |     1 ||     1
  Eat: Chunk             |       |     5 |    13 |    19 |    12 ||    49
       Ration            |       |       |       |       |     3 ||     3
Armor: Scale mail        |    71 |    46 |   179 |       |       ||   296
       Plate armour      |       |       |    80 |   654 |   411 ||  1145
       Skin              |       |       |       |     4 |       ||     4
Dodge: Dodged            |    40 |    43 |   175 |   433 |   401 ||  1092
Block: Shield            |    60 |    63 |   333 |   757 |   693 ||  1906
       Reflection        |       |       |       |       |     6 ||     6

Table legend:
 A = Spawn XP
 B = Non-spawn XP
 C = Spawn XP percentage of total XP
 D = Spawn monster count
 E = Non-spawn monster count
 F = Spawn count percentage of total count
 G = Total turns spent on level
                    A         B        C        D         E        F      G
               +---------+---------+-------+---------+---------+-------+---------
         Total |       0 |   95101 |   0.0 |       0 |     538 |   0.0 | 15719
               +---------+---------+-------+---------+---------+-------+---------
           D:1 |       0 |      21 |   0.0 |       0 |      12 |   0.0 |   389
           D:2 |       0 |      90 |   0.0 |       0 |      24 |   0.0 |   988
           D:3 |       0 |      43 |   0.0 |       0 |      13 |   0.0 |   786
           D:4 |       0 |    1215 |   0.0 |       0 |      26 |   0.0 |   602
           D:5 |       0 |     514 |   0.0 |       0 |      17 |   0.0 |  1094
           D:6 |       0 |     313 |   0.0 |       0 |      15 |   0.0 |   751
           D:7 |       0 |    1520 |   0.0 |       0 |      32 |   0.0 |   994
           D:8 |       0 |    1901 |   0.0 |       0 |      23 |   0.0 |   599
           D:9 |       0 |    2165 |   0.0 |       0 |      20 |   0.0 |   622
          D:10 |       0 |    3611 |   0.0 |       0 |      27 |   0.0 |   995
          D:11 |       0 |    5619 |   0.0 |       0 |      45 |   0.0 |   744
        Lair:1 |       0 |    2515 |   0.0 |       0 |      10 |   0.0 |   915
        Lair:2 |       0 |    1958 |   0.0 |       0 |      11 |   0.0 |   458
        Lair:3 |       0 |    4875 |   0.0 |       0 |      21 |   0.0 |   895
        Lair:4 |       0 |   11937 |   0.0 |       0 |      37 |   0.0 |   910
        Lair:5 |       0 |    8728 |   0.0 |       0 |      36 |   0.0 |  1093
        Lair:6 |       0 |   12590 |   0.0 |       0 |      36 |   0.0 |  1267
         Orc:1 |       0 |    7789 |   0.0 |       0 |      33 |   0.0 |   736
         Orc:2 |       0 |   18283 |   0.0 |       0 |      70 |   0.0 |   428
       Volcano |       0 |    9414 |   0.0 |       0 |      30 |   0.0 |   436
               +---------+---------+-------+---------+---------+-------+---------
